 Dungeon Crawl Stone Soup version 0.28-a0-1560-g060a6a1bfc (webtiles) character file.

Game seed: 10973251498045822149

229 Essalna the Digger (level 6, 0/32 HPs)
             Began as a Gargoyle Earth Elementalist on Jan 19, 2022.
             Slain by a hobgoblin (1 damage)
             ... while paralysed by Grinder
             ... on level 3 of the Dungeon.
             The game lasted 00:04:54 (2715 turns).

Essalna the Digger (Gargoyle Earth Elementalist)    Turns: 2715, Time: 00:04:55

Health: 0/32       AC:  6    Str: 12    XL:     6   Next: 3%
Magic:  8/12       EV:  2    Int: 23    God:
Gold:   108        SH:  0    Dex: 10    Spells: 7/13 levels left

rFire   . . .      SeeInvis .   i - +2 dagger (speed)
rCold   . . .      Faith    .   (no shield)
rNeg    + . .      Spirit   .   b - +0 robe
rPois   ∞          Reflect  .   (no helmet)
rElec   +          Harm     .   (no cloak)
rCorr   .          Rampage  .   (no gloves)
Will    .....                   (no boots)
Stlth   ++........              (no amulet)
HPRegen 0.10/turn               k - +6 ring of intelligence
MPRegen 0.13/turn               (no ring)

@: paralysed
A: sickness immunity, AC +4, negative energy resistance 1, electricity
resistance, torment resistance 1, petrification resistance
a: no special abilities


You were on level 3 of the Dungeon.
You visited 1 branch of the dungeon, and saw 3 of its levels.

You collected 108 gold pieces.

Inventory:

Hand Weapons
 a - a +0 dagger
 i - a +2 dagger of speed (weapon)
Missiles
 c - 20 stones
Armour
 b - a +0 robe (worn)
Jewellery
 g - an amulet of faith
 k - a +6 ring of intelligence (left hand)
Scrolls
 h - a scroll of holy word {unknown}
 j - a scroll of torment {unknown}
 l - a scroll of identify {unknown}
 m - a scroll of fog {unknown}
 n - a scroll of magic mapping {unknown}
 p - a scroll of teleportation {unknown}
Potions
 d - 2 potions of might {unknown}
 e - 2 potions of lignification {unknown}
 f - a potion of brilliance {unknown}
 o - a potion of degeneration {unknown}


   Skills:
 - Level 1.5 Dodging
 - Level 2.1 Stealth
 + Level 4.2 Spellcasting
 - Level 0.7 Transmutations
 + Level 6.1 Earth Magic


You had 7 spell levels left.
You knew the following spells:

 Your Spells              Type           Power      Damage    Failure   Level
a - Sandblast             Erth           64%        2d14      1%          1
b - Passwall              Tmut/Erth      16%        N/A       3%          2
c - Stone Arrow           Conj/Erth      36%        3d9       9%          3

Your spell library contained the following spells:

 Spells                   Type           Power      Damage    Failure   Level
 Petrify                  Tmut/Erth      20%        N/A       26%         4


Dungeon Overview and Level Annotations

Branches:
Dungeon (3/15)

Altars:
Elyvilon
Makhleb

Shops:
D:2 [   D:3 !

Annotations:
D:3 Grinder


Innate Abilities, Weirdness & Mutations

You are immune to sickness and miasma.
Your stone body is resilient. (AC +4)
You are immune to poison.
You resist negative energy. (rN+)
You are resistant to electric shocks. (rElec)
You are resistant to unholy torment.
You are immune to petrification.


Message History

The blast of sand hits the hobgoblin.
The hobgoblin is moderately wounded.
The hobgoblin hits you but does no damage.
The frilled lizard bites you but does no damage.
Casting: Sandblast (safe; 1% risk of failure)
Confirm with . or Enter, or press ? or * to list all spells.
Aiming: Sandblast (safe; 1% risk of failure)
Press: ? - help, Shift-Dir - straight line, f/p - hobgoblin
Aim: a hobgoblin, wearing a +0 ring mail (moderately wounded, 84% to hit)
The blast of sand hits the hobgoblin but does no damage.
The hobgoblin is moderately wounded.
The hobgoblin hits you. The frilled lizard bites you.
Casting: Sandblast (safe; 1% risk of failure)
Confirm with . or Enter, or press ? or * to list all spells.
Aiming: Sandblast (safe; 1% risk of failure)
Press: ? - help, Shift-Dir - straight line, f/p - hobgoblin
Aim: a hobgoblin, wearing a +0 ring mail (moderately wounded, 84% to hit)
The blast of sand hits the hobgoblin!
You kill the hobgoblin!
The frilled lizard barely misses you.
Casting: Sandblast (safe; 1% risk of failure)
Confirm with . or Enter, or press ? or * to list all spells.
Aiming: Sandblast (safe; 1% risk of failure)
Press: ? - help, Shift-Dir - straight line, f - frilled lizard
Aim: a frilled lizard (70% to hit)
The blast of sand hits the frilled lizard!
You kill the frilled lizard!
Casting: Sandblast (safe; 1% risk of failure)
Confirm with . or Enter, or press ? or * to list all spells.
You don't know that spell.
You climb downwards.
Level annotation: Grinder The ogre hits you with a +0 giant spiked club!
Ouch! That really hurt!
* * * LOW HITPOINT WARNING * * *
The hobgoblin barely misses you. Grinder gestures at you.
You suddenly lose the ability to move!
The hobgoblin hits you.
You die...

............#....................
.....######...#<..5.<............
####.............................
##########..#....................
..#######...#....................
#.........#.#...................#
....#######.#..................##
###.### ###........[............#
..#.).# #..)...g@...........###.#
#.###.###...####O##.......### #.#
#..........#####.##...#.....###.#
####..##.......#.##...##.##.....#
..###....#.###...###..##...≈≈.P♣♣
..# #.#.#..#......(........≈≈...P
..###.#.#. #.......g..#..##.PP♣♣.
......# . #........5....##P.♣♣P.
...)..# #. #......)..#.#...♣†♣P..


You could see Grinder, an ogre and a hobgoblin.

Vanquished Creatures
  A water moccasin skeleton (D:3)
  A hound (D:3)
  8 adders
  2 dart slugs (D:1)
  An orc (D:3)
  10 bats
  2 endoplasms
  5 giant cockroaches
  5 goblins (D:1)
  7 hobgoblins
  5 jackals
  7 kobolds
  2 quokkas
  5 ball pythons
  5 frilled lizards
  8 rats
74 creatures vanquished.

Notes
Turn   | Place    | Note
-------+----------+-------------------------------------------
     0 | D:1      | Essalna the Gargoyle Earth Elementalist began the quest for
                  | the Orb.
     0 | D:1      | Reached XP level 1. HP: 10/10 MP: 3/3
   147 | D:1      | Reached skill level 4 in Earth Magic
   147 | D:1      | Reached XP level 2. HP: 15/15 MP: 3/5
   340 | D:1      | Found a faded altar of an unknown god.
   613 | D:1      | Reached XP level 3. HP: 19/19 MP: 3/6
   716 | D:1      | Learned a level 2 spell: Passwall
   720 | D:1      | Learned a level 3 spell: Stone Arrow
  1242 | D:2      | Found Jihicw's Armour Shop.
  1502 | D:2      | Found a burning altar of Makhleb.
  1586 | D:2      | Reached XP level 4. HP: 24/24 MP: 6/8
  1639 | D:2      | Reached skill level 5 in Earth Magic
  1972 | D:2      | Reached XP level 5. HP: 28/28 MP: 8/10
  2345 | D:3      | Found Vavyu's Distillery.
  2425 | D:3      | Found a white marble altar of Elyvilon.
  2489 | D:3      | Reached skill level 6 in Earth Magic
  2489 | D:3      | Reached XP level 6. HP: 17/32 MP: 4/12
  2670 | D:3      | Noticed Grinder
  2714 | D:3      | HP: 1/32 [ogre (16)]
  2714 | D:3      | Paralysed by Grinder for 2 turns
  2715 | D:3      | Slain by a hobgoblin

Illustrated notes

Levels and vault maps discovered:
D:1:      erik_arrival_cave_to_civilisation [erik_arrival_cave_to_hall],
          layout_basic, hellmonk_ecumenical_altar_crossroads, st_stairs_2
D:2:      minmay_recursive_quarters, layout_rooms, serial_shops, shop_fountains,
          basic_altar
D:3:      layout_rooms, nicolae_elyvilon_peaceful_grove, serial_shops, shop,
          uniq_grinder

Skill      XL: |  1  2  3  4  5 |
---------------+----------------+-----
Earth Magic    | 4 5 6 |  6.1
Spellcasting   | 3 4 |  4.2
Dodging        | |  1.5
Stealth        | |  2.1
Transmutations | |  0.7

Action                   |  1- 3 |  4- 6 || total
-------------------------+-------+-------++-------
Melee: Dagger            |    78 |    61 ||   139
       Punch             |     1 |       ||     1
 Cast: Sandblast         |    33 |    39 ||    72
 Stab: Sleeping          |     5 |       ||     5
Armor: Robe              |    45 |    28 ||    73
Dodge: Dodged            |    47 |    46 ||    93

Table legend: (Time is in decaauts)
 A = Elapsed time spent in this place.
 B = Non-inter-level travel time spent in this place.
 C = Inter-level travel time spent in this place.
 D = Time resting spent in this place.
 E = Time spent auto-exploring this place.
 F = Levels seen in this place.
 G = Mean time per level.
                   A        B        C        D        E       F      G
               +--------+--------+--------+--------+--------+-----+--------+
         Total |   2680 |   2618 |     62 |      0 |   2168 |   3 |  893.3 |
       Dungeon |   2680 |   2618 |     62 |      0 |   2168 |   3 |  893.3 |
               +--------+--------+--------+--------+--------+-----+--------+

Top non-repeatable levels by time:
     D:1: 1232 daAuts
     D:2: 847 daAuts
     D:3: 600 daAuts
